 Dungeon Crawl Stone Soup version 0.19-a0-503-g45a6586 (webtiles) character file.

9 Leszczynek the Firebug (level 2, -2/17 HPs)
             Began as an Octopode Fire Elementalist on June 5, 2016.
             Hit by a stone thrown by a gnoll (6 damage)
             ... on level 1 of the Dungeon.
             The game lasted 00:04:22 (447 turns).

Leszczynek the Firebug (Octopode Fire Elementalist)  Turns: 447, Time: 00:04:22

Health: -2/17      AC:  1    Str:  7    XL:     2   Next: 16%
Magic:  0/5        EV: 12    Int: 17    God:
Gold:   10         SH:  0    Dex: 12    Spells: 1 memorised, 4 levels left

rFire  . . .     SeeInvis .     g - -3 short sword (curse)
rCold  . . .     Gourm    .     (no shield)
rNeg   . . .     Faith    .     (helmet restricted)
rPois  .         Spirit   .     (no amulet)
rElec  .         Dismiss  .     (no ring)
rCorr  .         Reflect  .     (no ring)
SustAt .         Harm     .     (no ring)
MR     .....                    (no ring)
Stlth  +++.......               (no ring)
                                (no ring)
                                (no ring)
                                (no ring)

@: very slightly contaminated, not resistant to hostile enchantments, fairly
stealthy
A: almost no armour, amphibious, 8 rings, constrict 8, camouflage 1, gelatinous
body 1
a: no special abilities


You were on level 1 of the Dungeon.
You were not hungry.

You visited 1 branch of the dungeon, and saw 1 of its levels.

You collected 10 gold pieces.

Inventory:

Hand Weapons
 g - a cursed -3 short sword (weapon)
 i - a +1 dagger of flaming
Scrolls
 d - a scroll of enchant armour {unknown}
 e - a scroll of fear {unknown}
 h - a scroll of enchant weapon {unknown}
 j - a scroll of magic mapping {unknown}
Potions
 c - 2 potions of brilliance {unknown}
Books
 a - a book of Flames

   Spells                             Type                      Level
   a - Flame Tongue                   Conjuration/Fire             1
   b - Throw Flame                    Conjuration/Fire             2
   c - Conjure Flame                  Conjuration/Fire             3
   d - Inner Flame                    Hexes/Fire                   3
   e - Sticky Flame                   Conjuration/Fire             4
   f - Fireball                       Conjuration/Fire             5
Comestibles
 b - a bread ration
 f - 2 chunks of flesh


   Skills:
 - Level 2.0 Dodging
 - Level 2.6 Stealth
 - Level 2.0 Spellcasting
 + Level 1.7 Conjurations
 + Level 3.2 Fire Magic


You had 4 spell levels left.
You knew the following spells:

 Your Spells              Type           Power        Failure   Level  Hunger
a - Flame Tongue          Conj/Fire      ##...        10%         1    #......


Dungeon Overview and Level Annotations

Branches:
Dungeon (1/15)

Altars:


Innate Abilities, Weirdness & Mutations

You cannot wear most types of armour.
You are amphibious.
You can wear up to eight rings at the same time.
You can use your tentacles to constrict eight enemies at once.
Your skin changes colour to match your surroundings (Stealth+).
Your rubbery body absorbs attacks. (AC +1)


Message History

The gnoll is moderately wounded.
The gnoll throws a stone.
The stone hits you.
Casting: Flame Tongue
Confirm with . or Enter, or press ? or * to list all spells.
Aiming: Flame Tongue
Press: ? - help, Shift-Dir - straight line, f/p - gnoll
Aim: a gnoll, wielding a flail (moderately wounded)
You miscast Flame Tongue.
You are very lightly contaminated with residual magic.
You smell smoke.
The gnoll throws a stone.
The stone hits you.
You see here a stone.
The gnoll throws a stone.
The stone closely misses you.
The gnoll throws a stone.
The stone hits you.
You see here a stone.
The gnoll throws a stone.
The stone hits you.
* * * LOW HITPOINT WARNING * * *
You see here a stone.
The gnoll throws a stone.
The stone hits you.
You die...

#. #.....## #.....
##. #....... #####'
###.. #....... # #.
#...#####...#####.#
#. # ##...........
#. #.
#..##.######### #.
###
###.###.........#
#. #####...#
#+(######.#### #.
###.### #.@#
####....#####.
#####...# #.(#
#....##....... ###
###.###.(#
#.......###### #.
#..##..# #..#.#..#
## # ##....(#
##......#
#...#####.(#
#.#.#..# ###r. #.g#
#.....## ##. #..#
#.#### #. #..# #.


You could see a gnoll.

Vanquished Creatures
  A giant cockroach (D:1)
  3 kobolds (D:1)
  2 bats (D:1)
  2 giant newts (D:1)
  A rat (D:1)
9 creatures vanquished.

Notes
Turn   | Place    | Note
--------------------------------------------------------------
     0 | D:1      | Leszczynek the Octopode Fire Elementalist began the quest for the Orb.
     0 | D:1      | Reached XP level 1. HP: 11/11 MP: 3/3
   176 | D:1      | noice
   237 | D:1      | Reached XP level 2. HP: 17/17 MP: 1/5
   447 | D:1      | Hit by a stone thrown by a gnoll

Vault maps used:
D:1:      dpeg_arrival_boxorama, serial_co_window_serial, co_window_paths_a,
          co_window_paths_a, co_window_paths_a, co_window_of_opportunity_a,
          co_window_paths_b, co_window_of_opportunity_a, co_window_corner_cb,
          co_window_broadway_b, co_window_2corner, co_window_sun,
          glass_columns_a, glass_columns_b, glass_columns_c, glass_columns_c

Action                   || total
-------------------------++-------
Melee: Short sword       ||     1
       Constrict         ||     1
 Cast: Flame Tongue      ||    19
Armor: Skin              ||     3
Dodge: Dodged            ||     6
